 Dungeon Crawl Stone Soup version 0.21.1-72-gffa868e (webtiles) character file.

81 taaruk the Poker (level 4, -2/41 HPs)
             Began as a Minotaur Berserker on Aug 6, 2018.
             Was a Believer of Trog.
             Slain by a gnoll
             ... wielding a +0 halberd
              (11 damage)
             ... on level 2 of the Dungeon.
             The game lasted 00:07:30 (1056 turns).

taaruk the Poker (Minotaur Berserker)               Turns: 1056, Time: 00:07:31

Health: -2/41      AC:  6    Str: 23    XL:     4   Next: 20%
Magic:  3/3        EV: 11    Int:  4    God:    Trog [**....]
Gold:   62         SH:  0    Dex:  9    Spells: 3/3 levels left

rFire    . . .     SeeInvis .   k - -2 short sword (curse)
rCold    . . .     Gourm    .   (no shield)
rNeg     . . .     Faith    .   g - +0 ring mail
rPois    .         Spirit   .   (helmet restricted)
rElec    .         Reflect  .   (no cloak)
rCorr    .         Harm     .   l - +0 pair of gloves
MR       .....                  (no boots)
Stlth    ..........             (no amulet)
HPRegen  0.13/turn              (no ring)
MPRegen  0.08/turn              (no ring)

@: no status effects
A: retaliatory headbutt, horns 2
a: Berserk, Trog's Hand, Burn Spellbooks, Renounce Religion


You were on level 2 of the Dungeon.
You worshipped Trog.
Trog was pleased with you.
You were hungry.

You visited 1 branch of the dungeon, and saw 2 of its levels.

You collected 62 gold pieces.

Inventory:

Hand Weapons
 a - a +0 spear
 k - a cursed -2 short sword (weapon)
Missiles
 f - 5 curare-tipped needles
 h - 27 bolts
Armour
 g - a +0 ring mail (worn)
 i - a +0 leather armour
 l - a +0 pair of gloves (worn)
Potions
 b - a potion of ambrosia {unknown}
 j - a potion of haste
Comestibles
 c - 4 rations
 d - 2 chunks of flesh


   Skills:
 + Level 4.4 Fighting
 + Level 1.0 Short Blades
 + Level 4.6 Polearms
 + Level 3.1 Armour
 + Level 2.7 Dodging


You had 3 spell levels left.
You didn't know any spells.

Dungeon Overview and Level Annotations

Branches:
Dungeon (2/15)

Altars:
Gozag


Innate Abilities, Weirdness & Mutations

You reflexively headbutt those who attack you in melee.
You have a pair of horns on your head.


Message History

The giant cockroach bites you but does no damage.
You hit the gnoll.
The gnoll is heavily wounded.
The adder closely misses you. The gnoll misses you.
The gnoll hits you with a flail.
* * * LOW HITPOINT WARNING * * *
The giant cockroach bites you but does no damage.
The dart slug closely misses you. The adder bites you but does no damage.
You hit the gnoll. You headbutt the gnoll.
You kill the gnoll!
Trog accepts your kill. The giant cockroach barely misses you.
The gnoll misses you. The adder closely misses you.
The dart slug barely misses you. You furiously retaliate!
You headbutt the dart slug. You closely miss the adder.
The adder is moderately wounded.
The giant cockroach misses you. The adder misses you. You furiously retaliate!
You headbutt the adder.
The gnoll hits you from afar with a halberd!
You die...

.#.# #...#....# *,,,* *,*
...#*##........# *,,,* *,*
..............##*##*,,,******,*
########.#....# *..,,,,,,,,**,*
#.#....# *.#*,*,***,**,*
#,#....# *.##,*,* *,**,*
*,#....###..#,#,***,**,*
*,#......)s#..#..,,,,,,*
*,###.##.@S......,*,**** ****
*,*#...###wg#....,*,*
,,,*****,*#...# *g.#,,##**,*
**,,,,,,,*#8_8#**..#,,* *,*
*********#####,,..#,,* *,*
*,***..#,,****,* *,*
*...,,,,,,,*
*,***..#,**********
**,,,*,*,,,,,,,,,,*


You could see a gnoll, an adder, a dart slug, a giant cockroach and a hobgoblin.

Vanquished Creatures
  3 gnolls (D:2)
  An adder (D:2)
  An adder zombie (D:1)
  A dart slug (D:2)
  A leopard gecko (D:1)
  A bat zombie (D:1)
  2 giant cockroaches (D:1)
  3 goblins
  A hobgoblin (D:1)
  3 jackals (D:1)
  A quokka (D:2)
  2 ball pythons (D:1)
  5 bats
  5 frilled lizards
  4 kobolds
  7 rats
41 creatures vanquished.

Notes
Turn   | Place    | Note
-------+----------+-------------------------------------------
     0 | D:1      | taaruk the Minotaur Berserker began the quest for the Orb.
     0 | D:1      | Reached XP level 1. HP: 19/19 MP: 0/0
    78 | D:1      | Reached XP level 2. HP: 26/27 MP: 1/1
   367 | D:1      | Reached ** piety under Trog
   483 | D:1      | Reached XP level 3. HP: 31/33 MP: 2/2
  1019 | D:2      | Found an opulent altar of Gozag.
  1049 | D:2      | Reached skill level 1 in Short Blades
  1050 | D:2      | Reached XP level 4. HP: 28/41 MP: 3/3
  1056 | D:2      | Slain by a gnoll

Skill      XL: |  1  2  3 |
---------------+----------+-----
Polearms       | 4 |  4.6
Fighting       | 4 |  4.4
Armour         | 3 |  3.1
Short Blades   | 1 |  1.0
Dodging        | |  2.7

Action                   |  1- 3 |  4- 6 || total
-------------------------+-------+-------++-------
Melee: Spear             |    63 |       ||    63
       Headbutt          |    11 |     2 ||    13
       Short sword       |    29 |     6 ||    35
  Use: Scroll            |     3 |       ||     3
Armor: Ring mail         |    34 |     9 ||    43
       Animal skin       |     1 |       ||     1
Dodge: Dodged            |    60 |    14 ||    74
